 Adventure DCSS version bcrawl-1.21.2-28-g2cb1824106 (webtiles) character file.

Game seed: 9006168627668543229

30 galech the Skirmisher (level 3, 29/29 HPs)
             Began as a Demonspawn Fighter on Mar 11, 2020.
             Quit the game on level 3 of the Dungeon.
             The game lasted 00:01:30 (1679 turns).

galech the Skirmisher (Demonspawn Fighter)          Turns: 1679, Time: 00:01:30

Health: 29/29      AC:  7    Str: 16    XL:     3   Next: 5%
Magic:  3/3        EV:  6    Int:  9    God:
Gold:   86         SH:  9    Dex: 14    Spells: 2/2 levels left
                                        Lives:  1   Deaths: 1

rFire    . . .     SeeInvis .   a - +0 war axe
rCold    . . .     Gourm    .   c - +0 medium shield
rNeg     . . .     Faith    .   b - +0 scale mail
rPois    .         Spirit   +   (no helmet)
rElec    .         Reflect  .   (no cloak)
rCorr    .         Harm     .   j - +0 pair of gloves
MR       .....                  (no boots)
Stlth    ..........             (no amulet)
HPRegen  0.09/turn              (no ring)
MPRegen  0.08/turn              (no ring)

@: no status effects
A: magic shield
a: no special abilities


You were on level 3 of the Dungeon.
You were not hungry.

You visited 1 branch of the dungeon, and saw 3 of its levels.

You collected 86 gold pieces.

Inventory:

Hand Weapons
 a - a +0 war axe (weapon)
Armour
 b - a +0 scale mail (worn)
 c - a +0 medium shield (worn)
 j - a +0 pair of gloves (worn)
Scrolls
 f - 2 scrolls of identify {unknown}
 g - a scroll of fear {unknown}
 h - a scroll of immolation {unknown}
 m - a scroll of remove curse {unknown}
Potions
 d - a potion of might
 k - a potion of ambrosia {unknown}
 l - a potion of brilliance {unknown}
Comestibles
 e - 6 rations {!d}
 i - 2 chunks of flesh


   Skills:
 + Level 3.3 Fighting
 + Level 2.7 Axes
 + Level 3.0 Armour
 + Level 3.3 Shields


You had 2 spell levels left.
You didn't know any spells.
Your spell library was empty.

Dungeon Overview and Level Annotations

Branches:
Dungeon (3/12)

Altars:
Ashenzari
Elyvilon
Hepliaklqana
Makhleb
Nemelex Xobeh
Qazlal
Vehumet
Wu Jian
Xom
Yredelemnul
Zin


Innate Abilities, Weirdness & Mutations

When hurt, damage is shared between your health and your magic reserves.


Message History

You feel very mighty all of a sudden. The black bear bites you!
* * * LOW HITPOINT WARNING * * *
You block the black bear's attack.
The black bear claws you but does no damage.
You block the adder's attack.
You slash the adder!
You kill the adder!
You have reached level 4!
You feel agile.
You closely miss the kobold. You closely miss the black bear.
You feel sick. You block the kobold's attack.
You block the black bear's attack. The black bear completely misses you.
The black bear barely misses you. The kobold hits you but does no damage.
The black bear bites you!
You die...
The black bear claws you but does no damage. x2
Xom reaches out...
You are now level 3!
You rejoin the land of the living...
Are you sure you want to abandon this character and quit the game? (Confirm with "yes".)

.......#.!...#...#
......h#...#.#...#
.<....††...#.#...#
#..#..K....#.....#
.................#
#.##.###.........#
..#.. #........###
.#...###....(.#...##
.......@......###.<#
.........##...# ##.#
###########...# ...#
#.... ....#
######....# #....#
######


There were no monsters in sight!

Vanquished Creatures
  An adder (D:3)
  3 dart slugs
  4 leopard geckos
  2 giant cockroaches (D:2)
  7 goblins
  6 hobgoblins
  4 jackals (D:1)
  A quokka (D:2)
  2 ball pythons (D:1)
  5 bats
  5 frilled lizards
  6 kobolds
  6 rats
52 creatures vanquished.

Notes
Turn   | Place    | Note
-------+----------+-------------------------------------------
     0 | D:1      | galech the Demonspawn Fighter began the quest for the Orb.
     0 | D:1      | Reached XP level 1. HP: 18/18 MP: 1/1
   118 | D:1      | Gained mutation: When hurt, damage is shared between your
                  | health and your magic reserves. [demonic ancestry]
   118 | D:1      | Reached XP level 2. HP: 15/24 MP: 2/2
   446 | D:1      | Reached XP level 3. HP: 29/29 MP: 3/3
   783 | D:2      | Found a radiant altar of Vehumet.
   957 | D:2      | Found a shimmering altar of Xom.
  1120 | D:2      | Found a burning altar of Makhleb.
  1120 | D:2      | Noticed a cacodemon
  1136 | D:2      | Found a glowing silver altar of Zin.
  1142 | D:2      | Noticed an angel
  1536 | D:2      | Found a sparkling altar of Nemelex Xobeh.
  1543 | D:2      | Found a hazy altar of Hepliaklqana.
  1548 | D:2      | Found a white marble altar of Elyvilon.
  1558 | D:2      | Found a basalt altar of Yredelemnul.
  1563 | D:2      | Found a shattered altar of Ashenzari.
  1570 | D:2      | Found a stormy altar of Qazlal.
  1575 | D:2      | Found an ornate altar of the Wu Jian Council.
  1671 | D:3      | Noticed a black bear
  1678 | D:3      | Reached XP level 4. HP: 7/35 MP: 1/4
  1678 | D:3      | Slain by a black bear
  1679 | D:3      | Reached XP level 3. HP: 0/29 MP: 0/3
  1679 | D:3      | Quit the game

Skill      XL: |  1  2 |
---------------+-------+-----
Axes           | 2 |  2.7
Armour         | 3 |  3.0
Shields        | 3 |  3.3
Fighting       | |  3.3

Action                   |  1- 3 |  4- 6 || total
-------------------------+-------+-------++-------
Melee: War axe           |   174 |       ||   174
  Use: Potion            |     1 |       ||     1
  Eat: Chunk             |     3 |       ||     3
Armor: Scale mail        |   117 |     3 ||   120
Dodge: Dodged            |    52 |     2 ||    54
Block: Medium shield     |   115 |     2 ||   117
